 Dungeon Crawl Stone Soup version 0.30-b1-2-g02819fbbbe (webtiles) character file.

Game seed: 5279921336588369969

42 sky the Stinger (level 3, 0/19 HPs)
             Began as a Deep Elf Venom Mage on Sept 8, 2023.
             Slain by Terence
             ... wielding a +0 flail
              (9 damage)
             ... on level 2 of the Dungeon.
             The game lasted 00:31:23 (727 turns).

sky the Stinger (Deep Elf Venom Mage)                Turns: 727, Time: 00:31:23

Health: 0/19       AC:  3    Str:  5    XL:     3   Next: 33%
Magic:  8/9        EV: 12    Int: 21    God:
Gold:   14         SH:  0    Dex: 15    Spells: 7/8 levels left

rFire   . . .        d - +0 short sword
rCold   . . .        (no shield)
rNeg    . . .        b - +0 leather armour
rPois   .            (no helmet)
rElec   .            (no cloak)
rCorr   .            (no gloves)
SInv    .            (no boots)
Will    .....        e - amulet of faith
Stlth   ++           (no ring)
HPRegen 0.23/turn    (no ring)
MPRegen 0.11/turn

%: faith
@: no status effects
A: no striking features
a: no special abilities


You were on level 2 of the Dungeon.
You visited 1 branch of the dungeon, and saw 2 of its levels.

You collected 14 gold pieces.

Inventory:

Hand Weapons
 c - a +0 dagger
 d - a +0 short sword (weapon)
Missiles
 f - 6 poisoned darts
Armour
 a - a +0 robe
 b - a +0 leather armour (worn)
Jewellery
 e - an amulet of faith (around neck)
Potions
 g - a potion of curing {unknown}


   Skills:
 + Level 0.1 Short Blades
 + Level 0.1 Armour
 + Level 2.8 Dodging
 + Level 2.6 Stealth
 + Level 3.3 Spellcasting
 + Level 1.5 Transmutations
 + Level 4.1 Poison Magic


You had 7 spell levels left.
You knew the following spells:

 Your Spells              Type           Power      Damage    Failure   Level
a - Sting                 Tmut/Pois      60%        1d6       7%          1

Your spell library contained the following spells:

 Spells                   Type           Power      Damage    Failure   Level
 Poisonous Vapours        Pois/Air       24%        N/A       14%         2
 Mephitic Cloud           Conj/Pois/Air  9%         N/A       36%         3
 Olgreb's Toxic Radiance  Pois           20%        N/A       36%         4


Dungeon Overview and Level Annotations

Branches:
Dungeon (2/15)

Altars:

Shops:
D:2 [

Annotations:
D:2 Terence


Message History

You kill the rat!
You see here a rat corpse.
You see here a rat corpse.
You see here a rat corpse.
You see here a quokka corpse.
You open the door.
There is an open door here.
There is an open door here.
There is an open door here.
There is a stone staircase leading down here.
There are no items here.
Unknown command.
Char dumped successfully.
There is a stone staircase leading down here.
You climb downwards.
There is a stone staircase leading up here.
Found Joc Fowe's Antique Armour Shoppe.
The endoplasm quivers.
You hit the endoplasm.
The endoplasm is almost dead.
The endoplasm closely misses you.
You hit the endoplasm.
You kill the endoplasm!
Found a dagger.
Terence the Incautious comes into view.
He is wielding a +0 flail.
Found a dagger.
Terence shouts!
You see here a +0 dagger.
Casting: Sting (safe; 7% risk of failure)
Confirm with . or Enter, or press ? or * to list all spells.
Aiming: Sting (safe; 7% risk of failure)
Press: ? - help, Shift-Dir - straight line, f - Terence
Aim: Terence, wielding a +0 flail and wearing a +0 chain mail (81% to hit)
The sting hits Terence but does no damage.
Terence is poisoned.
Terence hits you with a +0 flail!
Ouch! That really hurt!
You see here a +0 dagger.
Terence misses you. Terence attacks as you move away!
Terence hits you with a +0 flail!
You die...

............#
######......#
#<.....#
###.#### #.#
#####.####
##........#
........@).#
###.....≈@≈#
#.....≈∩≈#
#.....≈≈≈#
#........#
#..).....#
##########


You could see Terence (poisoned).

Vanquished Creatures
  2 dart slugs (D:1)
  2 ball pythons (D:1)
  4 endoplasms
  4 giant cockroaches (D:1)
  A goblin (D:1)
  2 hobgoblins (D:1)
  3 kobolds (D:1)
  3 quokkas (D:1)
  3 frilled lizards (D:1)
  11 rats (D:1)
35 creatures vanquished.

Notes
Turn   | Place    | Note
-------+----------+-------------------------------------------
     0 | D:1      | sky the Deep Elf Venom Mage began the quest for the Orb.
     0 | D:1      | Reached XP level 1. HP: 10/10 MP: 6/6
   118 | D:1      | Reached XP level 2. HP: 15/15 MP: 5/8
   287 | D:1      | Reached skill level 4 in Poison Magic
   306 | D:1      | Reached XP level 3. HP: 6/19 MP: 6/9
   708 | D:2      | Found Joc Fowe's Antique Armour Shoppe.
   718 | D:2      | Noticed Terence
   727 | D:2      | Slain by Terence

Illustrated notes

Levels and vault maps discovered:
D:1:      heliophobic_arrival_ceremonial_halls, layout_rooms, minmay_ruptured
D:2:      cheibrodos_greedy_goblins, layout_rooms,
          nicolae_ecumenical_snake_handling, serial_shops,
          nicolae_shop_tiny_waterfront, solitary_fountain, uniq_terence,
          uniq_sigmund

Skill      XL: |  1  2 |
---------------+-------+-----
Poison Magic   | 4 |  4.1
Short Blades   | |  0.1
Armour         | |  0.1
Dodging        | |  2.8
Stealth        | |  2.6
Spellcasting   | |  3.3
Transmutations | |  1.5

Action                     || total
---------------------------++-------
  Melee: Unarmed           ||     2
         Short sword       ||    41
         Dagger            ||     5
   Cast: Sting             ||    43
    Use: Scroll            ||     3
         Potion            ||     1
 Armour: Leather armour    ||    12
  Dodge: Dodged            ||    52
